 Dungeon Crawl Stone Soup version 0.22-a0-558-gc2241811a9 (webtiles) character file.

94 MirrMurr the Sneak (level 4, 0/21 HPs)
             Began as a Spriggan Enchanter on June 27, 2018.
             Was an Initiate of Okawaru.
             Succumbed to an adder's poison
             ... on level 2 of the Dungeon.
             The game lasted 00:06:31 (2722 turns).

MirrMurr the Sneak (Spriggan Enchanter)             Turns: 2722, Time: 00:06:32

Health: 0/21       AC:  3    Str:  5    XL:     4   Next: 38%
Magic:  9/9        EV: 24    Int: 16    God:    Okawaru [......]
Gold:   79         SH:  0    Dex: 21    Spells: 2/8 levels left

rFire    . . .     SeeInvis +   a - +1 dagger (venom)
rCold    . . .     Gourm    .   (shield restricted)
rNeg     . . .     Faith    .   e - +0 robe
rPois    .         Spirit   .   (helmet restricted)
rElec    .         Reflect  .   (no cloak)
rCorr    .         Harm     .   (gloves unavailable)
MR       .....                  (boots unavailable)
Stlth    +++++.....             (no amulet)
HPRegen  0.07/turn              f - +1 ring of protection
MPRegen  0.11/turn              (no ring)

@: agile, lethally poisoned (0 -> -1), very slightly contaminated, invisible,
very quick
A: very small, unfitting armour, see invisible, herbivore, speed 3, slow
metabolism 2
a: Renounce Religion


You were on level 2 of the Dungeon.
You worshipped Okawaru.
Okawaru was noncommittal.
You were not hungry.

You visited 1 branch of the dungeon, and saw 2 of its levels.

You collected 79 gold pieces.

Inventory:

Hand Weapons
 a - a +1 dagger of venom (weapon)
 b - a +0 hunting sling
Missiles
 i - 17 sling bullets
 j - 11 stones (quivered)
 l - 23 bolts
Armour
 e - a +0 robe (worn)
Jewellery
 f - a +1 ring of protection (left hand)
Scrolls
 g - a scroll of teleportation {unknown}
 k - a scroll of blinking
 m - a scroll of random uselessness {unknown}
 r - a scroll of remove curse
Comestibles
 c - 3 rations


   Skills:
 + Level 3.3 Short Blades
 - Level 3.0 Dodging
 + Level 6.5 Stealth
 - Level 2.6 Spellcasting
 - Level 3.6 Hexes


You had 2 spell levels left.
You knew the following spells:

 Your Spells              Type           Power        Failure   Level  Hunger
a - Ensorcelled Hibernat  Hex/Ice        #.....       14%         2    ##.....
b - Confuse               Hex            ##......     13%         3    ###....
C - Corona                Hex            ##.....      4%          1    #......

Your spell library contained the following spells:

 Spells                   Type           Power        Failure   Level  Hunger
 Magic Dart               Conj           #...         19%         1    #......
 Conjure Flame            Conj/Fire      #.......     50%         3    ###....
 Slow                     Hex            ##......     7%          2    ##.....
 Mephitic Cloud           Conj/Pois/Air  #.......     50%         3    ###....
 Blink                    Tloc           N/A          28%         2    ##.....
 Call Imp                 Summ           #.......     28%         2    ##.....
 Tukima's Dance           Hex            ##......     13%         3    ###....
 Dazzling Spray           Conj/Hex       #.....       28%         3    ###....


Dungeon Overview and Level Annotations

Branches:
Dungeon (2/15)

Altars:
Ashenzari
Dithmenos
Okawaru


Innate Abilities, Weirdness & Mutations

You are very small and have problems with some larger weapons.
You are too small for most types of armour.
You have supernaturally acute eyesight. (SInv)
You are a herbivore.
You cover ground extremely quickly.
You need to consume almost no food.


Message History

You see here a mace.
* * * LOW HITPOINT WARNING * * *
You feel sick.
* * * LOW HITPOINT WARNING * * *
You feel sick.
* * * LOW HITPOINT WARNING * * *
You feel sick.
There is a lethal amount of poison in your body!
There are no items here.
* * * LOW HITPOINT WARNING * * *
You feel sick.
* * * LOW HITPOINT WARNING * * *
You feel sick.
You feel agile all of a sudden.
There is a lethal amount of poison in your body!
* * * LOW HITPOINT WARNING * * *
You feel sick.
* * * LOW HITPOINT WARNING * * *
You feel sick.
You die...

#####.........#..#
#.....####.##.#..#
#.....###...#.#..#
#.....#<#.#.#.#..#######
#####.#.#.#.#.#.........
#.#.......#.########
#.###.##..#.#
#.###.#.....#
#..@..#.#...#
#######.#...########
#.............
####..#######' ##.# #...
#########.# #...
#.)......>#####...
#.#########...'... #.#
#.###...


There were no monsters in sight!

Vanquished Creatures
  Jessica (D:2)
  2 adders
  An ooze (D:2)
  An adder skeleton (D:2)
  A worm (D:1)
  2 dart slugs (D:1)
  5 bats
  2 giant cockroaches (D:1)
  4 goblins (D:1)
  5 hobgoblins
  4 kobolds
  A quokka (D:2)
  5 frilled lizards
  6 rats
40 creatures vanquished.

Notes
Turn   | Place    | Note
-------+----------+-------------------------------------------
     0 | D:1      | MirrMurr the Spriggan Enchanter began the quest for the Orb.
     0 | D:1      | Reached XP level 1. HP: 9/9 MP: 5/5
   468 | D:2      | Found an iron altar of Okawaru.
   723 | D:2      | Became a worshipper of Warmaster Okawaru
   877 | D:1      | Reached skill level 5 in Stealth
   877 | D:1      | Reached XP level 2. HP: 6/13 MP: 6/6
  1047 | D:1      | Learned a level 2 spell: Ensorcelled Hibernation
  1730 | D:1      | Reached XP level 3. HP: 16/16 MP: 8/8
  1735 | D:1      | Learned a level 3 spell: Confuse
  1873 | D:2      | Noticed Jessica
  2237 | D:2      | Killed Jessica
  2237 | D:2      | Reached skill level 6 in Stealth
  2237 | D:2      | Reached XP level 4. HP: 21/21 MP: 6/9
  2353 | D:2      | Found a shattered altar of Ashenzari.
  2374 | D:2      | Found a shadowy altar of Dithmenos.
  2718 | D:2      | HP: 1/21 [poisoned by an adder]
  2722 | D:2      | Succumbed to an adder's poison

Vault maps used:
D:1:      dpeg_arrival_three_bigger_balls, minmay_quantized
D:2:      ashenzari_altar_1, okawaru_metal_pillars_3,
          grunt_dithmenos_smoke_and_mirrors, uniq_jessica

Skill      XL: |  1  2  3 |
---------------+----------+-----
Stealth        | 5 6 |  6.5
Short Blades   | 2 3 |  3.3
Dodging        | |  3.0
Spellcasting   | |  2.6
Hexes          | |  3.6

Action                   |  1- 3 |  4- 6 || total
-------------------------+-------+-------++-------
Melee: Dagger            |   144 |    28 ||   172
 Cast: Corona            |     1 |       ||     1
       Ensorcelled Hiber |    17 |     2 ||    19
  Use: Scroll            |     5 |     2 ||     7
       Potion            |       |     2 ||     2
 Stab: Sleeping          |    12 |     3 ||    15
       Distracted        |       |     1 ||     1
  Eat: Ration            |       |     1 ||     1
Armor: Robe              |    19 |     3 ||    22
Dodge: Dodged            |   147 |    21 ||   168

Table legend:
 A = Spawn XP
 B = Non-spawn XP
 C = Spawn XP percentage of total XP
 D = Spawn monster count
 E = Non-spawn monster count
 F = Spawn count percentage of total count
 G = Total turns spent on level
                    A         B        C        D         E        F      G
               +---------+---------+-------+---------+---------+-------+---------
         Total |       0 |     135 |   0.0 |       0 |      40 |   0.0 |  2722
               +---------+---------+-------+---------+---------+-------+---------
           D:1 |       0 |      63 |   0.0 |       0 |      28 |   0.0 |  1599
           D:2 |       0 |      72 |   0.0 |       0 |      12 |   0.0 |  1123
               +---------+---------+-------+---------+---------+-------+---------
